Map: 衛城 - 天梯版

Players

Has

  • Race: Protoss Protoss
  • Spawn Location: 5:00

ButAlways - Winner!

  • Race: Protoss Protoss
  • League: Platinum
  • Spawn Location: 11:00

VOD

Have the link to the VOD?

Description

Time

  • Played on: Sept. 7, 2019, 11:51 a.m.
  • Length: 11:27
Show
View Real Time Build Order
Export as new Build Order

Has Protoss 

Build Orders: Oracle Opening 

Get SALT Encoding   

  12  0:00  Probe  
  13  0:13  Probe  
  14  0:17  Pylon  
  14  0:25  Probe  
  15  0:33  Probe  
  15  0:35  Gateway  
  15  0:41  Probe  
  17  0:50  Assimilator  
  17  0:51  Probe  
  18  0:59  Assimilator  
  18  1:03  Pylon  
  18  1:06  Probe  
  19  1:18  Probe  
  20  1:28  Cybernetics Core  
  20  1:30  Probe  
  21  1:37  Gateway  
  21  1:42  Pylon, Probe  
  22  1:51  Pylon  
  23  2:01  Stalker  
  24  2:12  Stargate  
  25  2:19  Warp Gate  
  25  2:24  Stalker  
  25  2:29  Stalker  
  28  2:38  Probe  
  29  2:45  Oracle  
  32  2:59  Pylon  
  32  3:00  Probe  
  32  3:12  Probe  
  37  3:32  Pylon  
  36  3:49  Nexus  
  36  3:57  Robotics Facility  
  36  3:59  Probe  
  36  4:02  Pylon  
  37  4:03  Pylon  
  34  4:11  Probe  
  34  4:17  Sentry x2  
  37  4:22  Gateway  
  39  4:25  Pylon  
  39  4:33  Shield Battery x2  
  39  4:34  Immortal  
  43  4:54  Pylon  
  43  4:58  Twilight Council  
  43  5:03  Stalker  
  45  5:10  Warp Prism  
  43  5:26  Sentry  
  43  5:27  Adept  
  47  5:37  Resonating Glaives  
  47  5:45  Immortal  
  51  6:08  Gateway  
  51  6:09  Gateway  
  51  6:28  Immortal  
  55  6:36  Adept x2  
  55  6:39  Pylon  
  59  6:40  Pylon  
  59  7:01  Adept x2  
  63  7:04  Pylon  
  63  7:05  Adept  
  63  7:06  Adept  
  67  7:22  Adept x2  
  63  7:26  Adept  
  63  7:28  Adept  
  57  7:51  Adept x3  
  57  7:58  Adept  
  59  8:12  Adept x2  
  61  8:29  Sentry x2  
  48  9:05  Warp Prism  
  40  9:31  Sentry, Adept  
  40  9:32  Adept  
  40  9:38  Adept  
  46  9:58  Adept x2  
  48  10:16  Adept  
  48  10:17  Adept  
  49  10:38  Zealot x2  
  47  10:51  Adept x2  
  45  10:59  Zealot  
  39  11:07  Zealot  
Show
View Real Time Build Order
Export as new Build Order

ButAlways Protoss - Winner!

Build Orders:  

Get SALT Encoding   

  12  0:00  Probe  
  13  0:12  Probe  
  14  0:17  Pylon  
  14  0:24  Probe  
  15  0:33  Probe  
  15  0:36  Gateway  
  15  0:41  Probe  
  16  0:48  Assimilator  
  17  0:51  Probe  
  17  0:55  Assimilator  
  18  1:00  Probe  
  19  1:08  Gateway, Probe  
  19  1:17  Probe  
  20  1:24  Cybernetics Core  
  21  1:29  Probe  
  22  1:35  Pylon  
  22  1:41  Probe  
  23  1:52  Warp Gate  
  24  2:00  Stalker x2  
  27  2:10  Robotics Facility  
  27  2:19  Pylon  
  27  2:34  Stalker x2  
  30  2:46  Gateway  
  30  2:57  Warp Prism  
  30  2:58  Shield Battery  
  32  3:21  Pylon  
  32  3:33  Observer  
  31  3:43  Stalker x3  
  35  3:50  Pylon  
  35  4:07  Sentry  
  35  4:08  Stalker x2  
  41  4:18  Immortal  
  45  4:32  Pylon  
  45  4:35  Sentry  
  47  4:51  Stalker x2  
  51  5:01  Immortal  
  55  5:26  Pylon  
  55  5:30  Pylon  
  55  5:38  Stargate  
  55  5:44  Probe  
  55  5:47  Observer  
  56  6:05  Nexus  
  56  6:11  Adept  
  58  6:24  Observer, Phoenix  
  58  6:36  Stalker  
  58  6:38  Observer  
  60  6:58  Phoenix  
  62  7:05  Immortal  
  64  7:16  Adept  
  65  7:22  Probe  
  65  7:27  Adept  
  68  7:31  Pylon  
  67  7:44  Adept  
  65  7:47  Observer  
  65  7:49  Adept  
  51  7:52  Stalker  
  45  8:00  Shield Battery x2  
  45  8:04  Sentry x2  
  49  8:11  Immortal  
  53  8:33  Adept  
  55  8:44  Adept  
  47  8:55  Stalker  
  38  9:11  Stalker  
  38  9:21  Stalker  
  33  9:36  Probe  
  35  9:48  Probe  
  36  9:58  Stalker  
  37  10:03  Shield Battery  
  39  10:18  Sentry  
  41  10:23  Pylon  
  38  10:38  Pylon  
  38  10:39  Stalker  
  36  10:54  Zealot  
  32  11:08  Stalker  
Tags
 
Add a new tag
Caveats
  • Supply blocks, unpowered buildings, or Contaminate may cause inaccurate times.
  • Supply counts are checked every 10 seconds.